 Dungeon Crawl Stone Soup version 0.29.1-2-gbd0b4ee654 (webtiles) character file.

Game seed: 236440442921190876

9 GorkyZ the Shield-Bearer (level 2, 0/24 HPs)
             Began as a Formicid Fighter on Nov 20, 2022.
             Slain by an endoplasm (1 damage)
             ... on level 1 of the Dungeon.
             The game lasted 00:00:41 (66 turns).

GorkyZ the Shield-Bearer (Formicid Fighter)           Turns: 66, Time: 00:00:41

Health: 0/24       AC:  6    Str: 20    XL:     2   Next: 20%
Magic:  2/2        EV:  9    Int:  7    God:
Gold:   0          SH:  5    Dex: 13    Spells: 1/1 levels left

rFire   . . .      SeeInvis +   a - +0 war axe
rCold   . . .      Faith    .   c - +0 buckler
rNeg    . . .      Spirit   .   b - +0 scale mail
rPois   .          Reflect  .   (helmet unavailable)
rElec   .          Harm     .   (no cloak)
rCorr   .          Rampage  .   (no gloves)
Will    .....                   (no boots)
Stlth   ..........              (no amulet)
HPRegen 0.08/turn               (no ring)
MPRegen 0.08/turn               (no ring)

@: no status effects
A: permanent stasis, dig shafts and tunnels, antennae 3, four strong arms
a: Dig, Shaft Self


You were on level 1 of the Dungeon.
You visited 1 branch of the dungeon, and saw 1 of its levels.

Inventory:

Hand Weapons
 a - a +0 war axe (weapon)
Armour
 b - a +0 scale mail (worn)
 c - a +0 buckler (worn)
Potions
 d - a potion of might


   Skills:
 + Level 3.4 Fighting
 - Level 2.0 Axes
 + Level 0.5 Throwing
 + Level 3.4 Armour
 + Level 4.1 Shields
 + Level 0.5 Evocations


You had one spell level left.
You didn't know any spells.
Your spell library was empty.

Dungeon Overview and Level Annotations

Branches:
Dungeon (1/15)

Altars:


Innate Abilities, Weirdness & Mutations

You cannot be hasted, slowed, berserked, paralysed or teleported.
You can dig through walls and to a lower floor.
You have a pair of large antennae on your head. (SInv)
Your four strong arms can wield two-handed weapons with a shield.


Message History

The jackal barely misses you. The jackal closely misses you.
You closely miss the jackal. You hit the jackal but do no damage.
The jackal closely misses you. x2; The jackal bites you.
* * * LOW HITPOINT WARNING * * *
The jackal bites you but does no damage.
You barely miss the jackal. You completely miss the jackal.
The jackal completely misses you.
The jackal bites you but does no damage. x3
You barely miss the jackal. You closely miss the jackal.
The jackal barely misses you. x2; You block the jackal's attack. x2
You closely miss the jackal. x2; You block the jackal's attack.
The jackal barely misses you.
The jackal bites you but does no damage. x2
You closely miss the jackal. You slash the jackal!
You kill the jackal!
The jackal bites you but does no damage. x2
The endoplasm jiggles.
You have reached level 2!
You slash the jackal!
You kill the jackal!
You closely miss the rat.
The rat twitches its whiskers.
The rat completely misses you.
You barely miss the endoplasm. You hit the rat. The endoplasm freezes you.
You are frozen.
* * * LOW HITPOINT WARNING * * *
The rat bites you but does no damage. The rat barely misses you.
The endoplasm hits you.
* * * LOW HITPOINT WARNING * * *
You hit the endoplasm but do no damage. You hit the rat.
You kill the rat!
You block the endoplasm's attack.
You hit the endoplasm.
The endoplasm is moderately wounded.
The endoplasm barely misses you. You block the endoplasm's attack.
You hit the endoplasm.
The endoplasm is severely wounded.
The endoplasm hits you.
You die...

#.#.#.#..............
#<#.#..........####
#.#.#.###.......#
#.#.#.#.###..#...#
.#.#)#.## #..##.## #
.. ## #..##.##
##..##..# #...###.# {
..#..##@# #..†J#
.....#.†# .... #..#
... ...# .# .....
....#. #.... # #....


You could see an endoplasm.

Vanquished Creatures
  A ball python (D:1)
  A goblin (D:1)
  4 jackals (D:1)
  A rat (D:1)
7 creatures vanquished.

Notes
Turn   | Place    | Note
-------+----------+-------------------------------------------
     0 | D:1      | GorkyZ the Formicid Fighter began the quest for the Orb.
     0 | D:1      | Reached XP level 1. HP: 18/18 MP: 1/1
    62 | D:1      | Reached XP level 2. HP: 6/24 MP: 2/2
    63 | D:1      | HP: 1/24 [endoplasm (2)]
    66 | D:1      | Slain by an endoplasm

Illustrated notes

Levels and vault maps discovered:
D:1:      lightli_arrival_chessboard, layout_rooms,
          hellmonk_ecumenical_altar_prayer_group

Action                   || total
-------------------------++-------
Melee: War axe           ||    20
Armor: Scale mail        ||    16
Dodge: Dodged            ||    17
Block: Buckler           ||    10
